Map: Orbital Shipyard

Players

CREATUS

  • Race: Zerg Zerg
  • League: Silver

ChewBox - Winner!

  • Race: Terran Terran

VOD

https://youtu.be/fo-nIxCPI6s

Description

Val Kitty from ChewBox.com takes on a Zerg player in 1 vs 1 in Legacy of the Void (StarCraft 2, LOTV) online match.

Time

  • Played on: Dec. 13, 2015, 1:15 a.m.
  • Length: 14:50
Show
View Real Time Build Order
Export as new Build Order

CREATUS Zerg 

Build Orders: Pool First 

Get SALT Encoding   

  12  0:01  Drone  
  13  0:12  Overlord  
  13  0:31  Drone  
  14  0:40  Spawning Pool, Drone  
  14  0:41  Drone  
  15  0:46  Drone  
  16  0:54  Drone  
  17  1:05  Overlord  
  17  1:28  Zergling x4  
  19  1:36  Zergling x2  
  20  1:55  Hatchery  
  20  2:00  Drone x2  
  21  2:08  Extractor  
  20  2:09  Drone  
  21  2:19  Drone  
  21  2:22  Extractor  
  21  2:24  Queen  
  22  2:44  Drone  
  22  2:45  Drone  
  24  2:54  Drone  
  25  3:04  Drone  
  26  3:10  Drone  
  26  3:11  Queen  
  29  3:16  Lair  
  27  3:34  Zergling x10  
  29  3:36  Hatchery  
  31  3:43  Drone x2  
  31  3:44  Drone  
  31  3:46  Zergling x2  
  35  3:49  Metabolic Boost  
  35  3:52  Zergling x2  
  34  4:05  Spine Crawler  
  34  4:06  Spine Crawler  
  32  4:11  Zergling x4  
  32  4:12  Zergling x4  
  36  4:19  Spine Crawler  
  36  4:20  Zergling x4, Spine Crawler  
  34  4:29  Spine Crawler  
  31  4:41  Zergling x4  
  31  4:42  Zergling x2  
  30  4:53  Zergling x2  
  27  5:04  Zergling x2  
  28  5:09  Zergling x4  
  28  5:10  Queen  
  32  5:26  Zergling x4  
  32  5:27  Zergling x4  
  36  5:33  Overlord  
  20  6:14  Zergling x2  
  20  6:15  Zergling x8  
  25  6:34  Drone  
  25  6:37  Hatchery  
  25  6:46  Drone x2  
  27  7:21  Drone x2  
  27  7:22  Drone x4  
  33  7:39  Extractor  
  32  7:48  Drone x2  
  32  7:51  Drone  
  35  7:56  Queen  
  36  8:17  Drone x2  
  36  8:19  Drone  
  39  8:20  Drone x2  
  41  8:40  Infestation Pit  
  40  8:47  Drone x3  
  43  8:55  Spore Crawler  
  43  8:56  Spore Crawler  
  43  8:59  Spore Crawler  
  43  9:00  Spore Crawler  
  39  9:08  Spire  
  39  9:09  Drone  
  40  9:10  Drone  
  40  9:11  Spire  
  40  9:13  Extractor  
  40  9:15  Extractor  
  37  9:28  Drone x3  
  40  9:45  Drone x2  
  41  10:18  Overlord x2  
  41  10:19  Overlord x2  
  41  10:21  Zerg Flyer Weapons Level 1  
  41  10:31  Drone  
  42  10:36  Drone x4  
  42  10:41  Zerg Flyer Armor Level 1  
  42  10:42  Mutalisk x4  
  54  10:53  Hive  
  54  11:00  Drone x3  
  57  11:08  Overseer x2  
  56  11:19  Mutalisk x2  
  56  11:20  Mutalisk  
  62  11:37  Mutalisk x4  
  62  11:39  Mutalisk  
  62  12:07  Mutalisk  
  62  12:08  Mutalisk x2  
  62  12:41  Corruptor x2  
Show
View Real Time Build Order
Export as new Build Order

ChewBox Terran - Winner!

Build Orders:  

Get SALT Encoding   

  12  0:02  SCV  
  13  0:23  Supply Depot  
  13  0:47  Supply Depot  
  13  0:49  SCV  
  14  1:01  Barracks  
  14  1:10  Supply Depot  
  14  1:13  SCV  
  14  1:17  Barracks  
  15  1:25  SCV  
  16  1:37  SCV  
  17  1:49  Barracks  
  17  1:51  SCV, Barracks  
  18  1:56  Marine  
  19  2:03  SCV  
  20  2:09  Refinery  
  20  2:10  Marine  
  20  2:14  Marine  
  22  2:20  SCV  
  23  2:28  Marine  
  24  2:32  Marine  
  25  2:38  Marine  
  25  2:39  Marine  
  27  2:44  SCV  
  27  2:46  Marine  
  27  2:50  Marine  
  30  2:52  Supply Depot  
  30  2:55  Marine  
  31  3:03  Marine  
  31  3:04  Marine  
  33  3:08  Marine  
  33  3:09  SCV  
  35  3:13  Marine  
  36  3:21  Marine  
  36  3:22  SCV, Marine  
  36  3:26  Marine  
  40  3:49  Marine  
  40  3:50  Marine x3  
  44  3:56  Supply Depot  
  44  4:02  Bunker  
  44  4:24  Barracks Reactor, Barracks Tech Lab x2  
  44  4:25  Barracks Reactor  
  44  4:27  Orbital Command  
  42  4:57  Marauder x2  
  46  5:03  Supply Depot  
  45  5:18  Marine  
  45  5:19  Marauder, Marine x4  
  52  5:34  Factory  
  52  5:36  Marine  
  52  5:37  Marine x3  
  52  5:39  Marine  
  57  5:50  Engineering Bay  
  57  5:54  Marine  
  53  5:57  Marine  
  49  6:09  Marine x4  
  41  6:12  Marine  
  41  6:15  Marine  
  43  6:21  Terran Infantry Weapons Level 1  
  43  6:23  Combat Shields  
  43  6:25  Concussive Shells  
  43  6:27  Marine x4  
  43  6:29  Marine  
  48  6:33  Marine  
  48  6:34  Supply Depot  
  49  6:44  Marine  
  49  6:45  Marine x3  
  53  6:47  Marine  
  53  6:53  Supply Depot x2  
  54  6:56  Marauder, Supply Depot  
  54  6:58  Missile Turret  
  56  7:02  Marine x2  
  56  7:03  Marine  
  56  7:06  Marauder  
  61  7:25  Marine x2, Stimpack  
  61  7:26  Marine x4  
  67  7:43  Marine x3  
  67  7:44  Marine  
  71  7:45  Marauder  
  73  7:54  Refinery  
  72  8:23  Command Center  
  72  8:43  Terran Infantry Armor Level 1, Factory  
  72  9:13  Factory  
  72  9:27  Factory Tech Lab  
  72  9:38  Orbital Command  
  72  9:44  Refinery  
  72  9:47  SCV  
  73  9:58  Factory Reactor  
  73  9:59  SCV, Siege Tank  
  77  10:06  Supply Depot  
  77  10:07  Missile Turret  
  77  10:11  SCV  
  78  10:23  SCV  
  78  10:24  SCV  
  78  10:25  Refinery  
  80  10:31  Siege Tank  
  80  10:34  Widow Mine x2  
  87  10:35  SCV  
  88  10:50  Marine x4  
  88  10:52  Marauder  
  94  11:00  Armory  
  94  11:03  Widow Mine  
  96  11:05  Missile Turret  
  96  11:11  Missile Turret  
  96  11:12  Siege Tank  
  96  11:15  Widow Mine  
  101  11:43  Sensor Tower  
  99  12:00  Marine x4  
  104  12:01  Marauder  
  104  12:03  Missile Turret  
  104  12:05  SCV  
  104  12:06  SCV  
  106  12:13  Siege Tank  
  109  12:18  SCV  
  97  13:13  Missile Turret  
  97  13:34  Missile Turret  
  97  14:04  Marine  
  97  14:05  Marine x3  
  97  14:06  Marauder x2  
  97  14:22  Marine x2  
  97  14:23  Marine  
  97  14:27  Marauder  
Tags
 
Add a new tag
Caveats
  • Supply blocks, unpowered buildings, or Contaminate may cause inaccurate times.
  • Supply counts are checked every 10 seconds.